 Dungeon Crawl Stone Soup version 0.28.0-49-g6dfe1f597d (webtiles) character file.

Game seed: 2517324475283062963

5 Exodus22XD the Conjurer (level 1, 10/10 HPs)
             Began as a Deep Elf Conjurer on May 19, 2022.
             Was a Follower of Yredelemnul.
             Quit the game on level 1 of the Dungeon.
             The game lasted 00:00:28 (244 turns).

Exodus22XD the Conjurer (Deep Elf Conjurer)          Turns: 244, Time: 00:00:28

Health: 10/10      AC:  2    Str:  4    XL:     1   Next: 66%
Magic:  6/6        EV: 12    Int: 22    God:    Yredelemnul [*.....]
Gold:   21         SH:  0    Dex: 13    Spells: 5/6 levels left

rFire   . . .      SeeInvis .   (no weapon)
rCold   . . .      Faith    .   (no shield)
rNeg    . . .      Spirit   .   a - +0 robe
rPois   .          Reflect  .   (no helmet)
rElec   .          Harm     .   (no cloak)
rCorr   .          Rampage  .   (no gloves)
Will    .....                   (no boots)
Stlth   ++........              (no amulet)
HPRegen 0.03/turn               (no ring)
MPRegen 0.10/turn               (no ring)

@: no status effects
A: no striking features
a: Renounce Religion, Recall Undead Harvest


You were on level 1 of the Dungeon.
You worshipped Yredelemnul.
Yredelemnul was noncommittal.
You visited 1 branch of the dungeon, and saw 1 of its levels.

You collected 21 gold pieces.

Inventory:

Armour
 a - a +0 robe (worn)
Potions
 b - a potion of might {unknown}


   Skills:
 - Level 2.4 Dodging
 - Level 2.4 Stealth
 - Level 3.0 Spellcasting
 + Level 4.7 Conjurations


You had 5 spell levels left.
You knew the following spells:

 Your Spells              Type           Power      Damage    Failure   Level
a - Magic Dart            Conj           96%        1d7       1%          1

Your spell library contained the following spells:

 Spells                   Type           Power      Damage    Failure   Level
 Searing Ray              Conj           48%        2d6       2%          2
 Dazzling Flash           Conj/Hex       26%        N/A       14%         3
 Fulminant Prism          Conj/Hex       6%         3d7       43%         4
 Iskenderun's Mystic Bla  Conj/Tloc      13%        2d5       43%         4


Dungeon Overview and Level Annotations

Branches:
Dungeon (1/15)

Altars:
Yredelemnul


Message History

You can't see any susceptible monsters within range! (Use Z to cast anyway.) Unknown command.
Sorry, you're not good enough to have a special ability.
Found a faded altar of an unknown god.
b - a yellow potion A frilled lizard comes into view.
The frilled lizard hisses angrily.
There is a faded altar of an unknown god here.
You cannot tell which god this altar belongs to.
Convert to them anyway?
Yredelemnul accepts your prayer! Yredelemnul welcomes you!
You can now reap souls.
You can now recall your undead harvest.
The frilled lizard closely misses your ball python zombie.
Okay, then.
Unknown command.
Press < or > to pray at altars.
What are your orders? t - Shout!
Orders for allies: a - Attack new target. r - Retreat! s - Stop attacking. g - Guard the area. f - Follow me.
Anything else - Cancel.
Gang up on whom?
Press: ? - help, Dir - move target, f - frilled lizard
Aim: a frilled lizard Attack!
The frilled lizard barely misses your ball python zombie.
Your ball python zombie closely misses the frilled lizard. x2
The frilled lizard bites your ball python zombie.
Your ball python zombie bites the frilled lizard.
Your ball python zombie barely misses the frilled lizard.
The frilled lizard bites your ball python zombie.
Your ball python zombie completely misses the frilled lizard.
Your ball python zombie misses the frilled lizard.
The frilled lizard bites your ball python zombie.
Your ball python zombie bites the frilled lizard.
The frilled lizard dies!
A black mist starts to gather...
You now have 21 gold pieces (gained 13).
Are you sure you want to abandon this character and quit the game? (Confirm with "yes".)

#..# . #...# ..
....# ..########
#...##†.......#
#...####.....#######
#Z!................
#♣Z.........#######
##ZZZ........# #
#..@####.....# #
#...## .......# #
#....# ######### #
#...# # #..# #####
#.# #.... #. ###.###
# #######......
...†......###


You could see a friendly frilled lizard zombie, 2 friendly ball python zombies
and 2 friendly quokka zombies.

Vanquished Creatures
  A dart slug (D:1)
  A ball python (D:1)
  A rat (D:1)
3 creatures vanquished.

Vanquished Creatures (collateral kills)
  A frilled lizard (D:1)
1 creature vanquished.

Grand Total: 4 creatures vanquished

Notes
Turn   | Place    | Note
-------+----------+-------------------------------------------
     0 | D:1      | Exodus22XD the Deep Elf Conjurer began the quest for the
                  | Orb.
     0 | D:1      | Reached XP level 1. HP: 10/10 MP: 6/6
   225 | D:1      | Found a faded altar of an unknown god.
   234 | D:1      | Prayed at the altar of an unknown god.
   234 | D:1      | Became a worshipper of Yredelemnul the Dark
   234 | D:1      | Reached * piety under Yredelemnul
   244 | D:1      | Quit the game

Illustrated notes

Levels and vault maps discovered:
D:1:      mrwooster_arrival_statue_2, layout_loops_ring,
          hellmonk_ecumenical_altar_crossroads, serial_bayou_pond_a,
          minmay_small_reverse_x

Action                   || total
-------------------------++-------
 Cast: Magic Dart        ||     5
Dodge: Dodged            ||     1
